 Seeded DCSS version 0.27.1-2-g3b301248ec (webtiles) character file.

Game seed: 14551798346683263451 (custom seed)

281 babuloseo the Firebug (level 6, -6/43 HPs)
             Began as a Human Fire Elementalist on Sept 30, 2021.
             Mangled by an acid dragon (11 damage)
             ... on level 7 of the Dungeon.
             The game lasted 00:08:46 (4864 turns).

babuloseo the Firebug (Human Fire Elementalist)     Turns: 4864, Time: 00:08:47

Health: -6/43      AC:  0    Str:  8    XL:     6   Next: 53%
Magic:  3/9        EV: 12    Int: 20    God:
Gold:   817        SH:  0    Dex: 14    Spells: 0/10 levels left

rFire    + . .     SeeInvis .   d - +2 dagger (venom)
rCold    x . .     Faith    .   (no shield)
rNeg     . . .     Spirit   .   a - +0 robe
rPois    .         Reflect  .   g - +1 helmet {Int+3}
rElec    .         Harm     .   (no cloak)
rCorr    .         Rampage  .   (no gloves)
Will     .....                  (no boots)
Stlth    ++........             (no amulet)
HPRegen  0.14/turn              q - ring of fire
MPRegen  0.11/turn              (no ring)

@: corroded
A: no striking features
a: no special abilities


You were on level 7 of the Dungeon.
You visited 1 branch of the dungeon, and saw 5 of its levels.

You collected 817 gold pieces.

Inventory:

Hand Weapons
 b - a +0 club
 d - a +2 dagger of venom (weapon)
Armour
 a - a +0 robe (worn)
 g - a +1 helmet of intelligence (worn)
 h - a +0 cloak
Jewellery
 q - a ring of fire (left hand)
Wands
 f - a wand of flame (16)
Scrolls
 c - a scroll of magic mapping {unknown}
 i - 2 scrolls of enchant armour {unknown}
 j - 4 scrolls of identify {unknown}
 l - a scroll of torment {unknown}
 m - 2 scrolls of blinking {unknown}
Potions
 e - a potion of ambrosia {unknown}
 k - a potion of brilliance {unknown}
 n - a potion of degeneration {unknown}
 o - 2 potions of curing {unknown}
 p - 4 potions of attraction {unknown}
 r - a potion of mutation {unknown}
 s - a potion of heal wounds {unknown}


   Skills:
 + Level 1.4 Fighting
 - Level 2.1 Short Blades
 + Level 0.1 Maces & Flails
 + Level 2.8 Dodging
 - Level 2.6 Stealth
 + Level 2.6 Spellcasting
 * Level 3.0 Conjurations
 + Level 4.0 Fire Magic


You couldn't memorise any spells.
You knew the following spells:

 Your Spells              Type           Power      Damage    Failure   Level
a - Foxfire               Conj/Fire      100%       2x1d9     3%          1
b - Searing Ray           Conj           28%        3d4       6%          2
c - Sticky Flame          Conj/Fire      25%        2d5       34%         4
d - Mephitic Cloud        Conj/Pois/Air  6%         N/A       28%         3

Your spell library contained the following spells:

 Spells                   Type           Power      Damage    Failure   Level
 Magic Dart               Conj           56%        1d5       4%          1
 Conjure Flame            Conj/Fire      25%        6-21      11%         3
 Inner Flame              Hex/Fire       16%        N/A       19%         3
 Call Imp                 Summ           2%         N/A       22%         2
 Fulminant Prism          Conj/Hex       4%         3d6       61%         4
 Fireball                 Conj/Fire      12%        3d7       67%         5


Dungeon Overview and Level Annotations

Branches:
Dungeon (4/15)
 Temple: D:4-7

Altars:
Elyvilon
Gozag
Qazlal
Wu Jian
Zin

Annotations:
D:2 1 runed translucent door, Crazy Yiuf


Message History

Your Conjurations skill increases to level 3!
Your Fire Magic skill increases to level 4!
Casting: Sticky Flame (quite dangerous; 34% risk of failure)
Confirm with . or Enter, or press ? or * to list all spells.
You feel a surge of power!
You conjure some foxfire!
The acid dragon roars!
Your foxfire dissipates!
The foxfire hits the acid dragon.
The acid dragon is heavily wounded.
Casting: Foxfire (safe; 3% risk of failure)
Confirm with . or Enter, or press ? or * to list all spells.
You feel a surge of power!
You conjure some foxfire!
The acid dragon spits acid at you. The splash of acid hits you!
You are splashed with acid!
Your foxfire dissipates!
Casting: Foxfire (safe; 3% risk of failure)
Confirm with . or Enter, or press ? or * to list all spells.
Okay, then.
Casting: Foxfire (safe; 3% risk of failure)
Confirm with . or Enter, or press ? or * to list all spells.
You can't see any susceptible monsters within range! (Use Z to cast anyway.)
An acid dragon is nearby!
Casting: Foxfire (safe; 3% risk of failure)
Confirm with . or Enter, or press ? or * to list all spells.
You can't see any susceptible monsters within range! (Use Z to cast anyway.)
The acid dragon spits acid at you. The splash of acid hits you!
The acid corrodes you!
You are splashed with acid!
* * * LOW HITPOINT WARNING * * *
Unknown command.
Casting: Foxfire (safe; 3% risk of failure)
Confirm with . or Enter, or press ? or * to list all spells.
The spell is quite dangerous to cast (34% risk of failure)!
Continue anyway?
Aiming: Sticky Flame (quite dangerous; 34% risk of failure)
Press: ? - help, Shift-Dir - straight line, f - acid dragon
Aim: an acid dragon (heavily wounded, catching its breath, 100% to hit)
You feel a surge of power!
The sticky flame hits the acid dragon.
The acid dragon is heavily wounded.
The acid dragon is covered in liquid flames!
The acid dragon burns!
The acid dragon bites you!
You die...

#.# ..# #.# #.# ####
#.# #########
#...##.## #.......#
#....## #.#####.#
##....#######.### .#
##.@...........###.#
#D########....[...#
##.# #.#####..# .#
##..# #.# #..#
.##.###.#'## #.# #..#
$# #)..#)..## #.# #.##
#.# ###..$..##
#...#####.# ##..#
##.......###.#.......#
####...# ##.........#
.#....#.##


You could see an acid dragon (burning, catching breath).

Vanquished Creatures
  A necrophage (D:4)
  A centaur zombie (D:7)
  An iguana (D:4)
  Robin (D:2)
  2 adders
  A white imp (D:7)
  3 adder skeletons
  A worm (D:3)
  2 dart slugs
  6 orcs
  4 bats
  3 endoplasms
  A giant cockroach (D:1)
  16 goblins
  14 hobgoblins
  3 jackals (D:4)
  3 kobolds
  A quokka (D:2)
  7 ball pythons
  2 frilled lizards (D:1)
  3 rats (D:2)
76 creatures vanquished.

Vanquished Creatures (others)
  87 foxfires
87 creatures vanquished.

Grand Total: 163 creatures vanquished

Notes
Turn   | Place    | Note
-------+----------+-------------------------------------------
     0 | D:1      | babuloseo the Human Fire Elementalist began the quest for
                  | the Orb.
     0 | D:1      | Reached XP level 1. HP: 13/13 MP: 3/3
   236 | D:1      | Reached XP level 2. HP: 7/19 MP: 0/5
  1003 | D:2      | Reached XP level 3. HP: 18/24 MP: 3/6
  1020 | D:2      | Learned a level 2 spell: Searing Ray
  1185 | D:2      | Noticed Robin
  1372 | D:2      | Killed Robin
  1459 | D:2      | Reached XP level 4. HP: 22/31 MP: 5/7
  1464 | D:2      | Learned a level 4 spell: Sticky Flame
  1714 | D:2      | Identified a scroll of acquirement
  1714 | D:2      | Acquired 677 gold pieces
  1762 | D:2      | Found a runed translucent door.
  1763 | D:2      | Noticed Crazy Yiuf
  1893 | D:2      | Found a stormy altar of Qazlal.
  2174 | D:2      | Found Gisot's Antique Weapon Boutique.
  2929 | D:3      | Found a faded altar of an unknown god.
  3194 | D:3      | Found an opulent altar of Gozag.
  3329 | D:3      | Reached XP level 5. HP: 36/36 MP: 8/8
  3475 | D:4      | Reached skill level 1 in Short Blades
  3829 | D:4      | Found a white marble altar of Elyvilon.
  3846 | D:4      | Noticed a necrophage
  3857 | D:4      | Killed a necrophage
  3858 | D:4      | Reached skill level 1 in Fighting
  3858 | D:4      | Reached XP level 6. HP: 43/43 MP: 4/9
  3926 | D:4      | Found a glowing silver altar of Zin.
  4379 | D:4      | Found an ornate altar of the Wu Jian Council.
  4471 | D:4      | You fall into a shaft and drop 3 floors!
  4706 | D:7      | Learned a level 3 spell: Mephitic Cloud
  4760 | D:7      | Noticed an orc warrior
  4766 | D:7      | Noticed an acid dragon
  4832 | D:7      | Reached skill level 4 in Fire Magic
  4864 | D:7      | Mangled by an acid dragon

Illustrated notes

Levels and vault maps discovered:
D:1:      lemuel_arrival_river_bridge, layout_rooms
D:2:      layout_loops_cross, basic_altar, serial_shops, shop,
          minmay_goblin_kobold_house, uniq_crazy_yiuf_cottage, uniq_robin
D:3:      layout_basic, grunt_gozag_breadcrumbs,
          hellmonk_ecumenical_altar_heavens_door
D:4:      layout_loops_ring, zin_treasury, elyvilon_altar_3,
          nzn_wu_jian_contemplation, serial_co_window_serial,
          co_window_corner_a, co_window_corner_a, co_window_of_opportunity_a,
          co_window_corner_a, co_window_paths_a, co_window_corner_b,
          co_window_paths_c, co_window_2corner, co_window_paths_c,
          co_window_of_opportunity_b, co_window_of_opportunity_c,
          co_window_of_opportunity_c, glass_columns_a, glass_columns_c
D:7:      layout_loops_corners

Skill      XL: |  1  2  3  4  5  6 |
---------------+-------------------+-----
Conjurations   | 2 3 |  3.0
Short Blades   | 2 |  2.1
Fighting       | 1 |  1.4
Fire Magic     | 4 |  4.0
Maces & Flails | |  0.1
Dodging        | |  2.8
Stealth        | |  2.6
Spellcasting   | |  2.6

Action                   |  1- 3 |  4- 6 || total
-------------------------+-------+-------++-------
Melee: Club              |     4 |       ||     4
       Dagger            |    16 |   119 ||   135
 Cast: Foxfire           |    39 |    19 ||    58
       Searing Ray       |       |     1 ||     1
       Mephitic Cloud    |       |     2 ||     2
       Sticky Flame      |       |     2 ||     2
  Use: Scroll            |       |     1 ||     1
 Stab: Sleeping          |     3 |     2 ||     5
Armor: Robe              |    12 |    33 ||    45
Dodge: Dodged            |    27 |    68 ||    95
